[Event "Speed Chess Championship 2020"]
[Site "Online"]
[Date "2020.12.04"]
[Round "2.19"]
[White "Nakamura, Hikaru"]
[Black "Fedoseev, Vladimir"]
[Result "1/2-1/2"]
[ECO "A04"]
[WhiteElo "2736"]
[BlackElo "2676"]
[Annotator "ChessBase"]
[PlyCount "142"]
[EventDate "2020.10.31"]
[EventType "k.o."]
[EventCountry "NET"]
[SourceTitle "playchess.com"]
[Source "ChessBase"]
[SourceQuality "1"]
[TimeControl "60+1"]

1. b3 c5 2. Bb2 d6 3. Nf3 e5 4. e3 Nf6 5. d4 cxd4 6. exd4 e4 7. Nfd2 d5 8. c4 Bb4 9. Nc3 O-O 10. Be2 Re8 11. O-O Nc6 12. Nxd5 Nxd5 13. cxd5 Qxd5 14. Nc4 Qg5 15. Bc1 Qg6 16. Bh5 Qf6 17. Bb2 Qg5 18. Kh1 Be6 19. Bc1 Qd5 20. Bb2 Rad8 21. Ne3 Qg5 22. f4 exf3 23. Qxf3 g6 24. Bg4 f5 25. d5 fxg4 26. Nxg4 Qxg4 27. Qf6 Qxg2+ 28. Kxg2 Bxd5+ 29. Rf3 Re2+ 30. Kg3 Bd6+ 31. Rf4 Rxb2 32. Qxb2 g5 33. Raf1 gxf4+ 34. Kh3 Be5 35. Rg1+ Kf7 36. Qe2 Be6+ 37. Kh4 Bf6+ 38. Kh5 Rd5+ 39. Kh6 Ne5 40. Qe4 Ng6 41. Rxg6 hxg6 42. Qxg6+ Ke7 43. Qe4 Bg5+ 44. Kg6 Kd7 45. Qa4+ Ke7 46. Qb4+ Ke8 47. Qxb7 Be7 48. Qb8+ Kd7 49. Qxf4 a5 50. h4 Bd6 51. Qa4+ Ke7 52. Qe4 Be5 53. h5 Bf6 54. Qe3 Be5 55. Qg5+ Kd7 56. h6 Bd4 57. Qf4 Bf5+ 58. Qxf5+ Rxf5 59. Kxf5 Kd6 60. Ke4 Kc5 61. a3 Bb2 62. h7 Kb5 63. Kd5 Bc3 64. Ke4 Kc5 65. Kd3 Bb2 66. b4+ axb4 67. axb4+ Kxb4 68. Ke4 Kc5 69. Kf5 Kd6 70. Kg6 Ke7 71. h8=Q Bxh8 1/2-1/2

[Event "Speed Chess Championship 2020"]
[Site "Online"]
[Date "2020.11.19"]
[Round "2.21"]
[White "So, Wesley"]
[Black "Duda, Jan-Krzysztof"]
[Result "0-1"]
[ECO "A70"]
[WhiteElo "2816"]
[BlackElo "2743"]
[Annotator "ChessBase"]
[PlyCount "150"]
[EventDate "2020.10.31"]
[EventType "k.o."]
[EventCountry "NET"]
[SourceTitle "playchess.com"]
[Source "ChessBase"]
[SourceQuality "1"]
[TimeControl "60+1"]

1. d4 Nf6 2. c4 c5 3. d5 e6 4. Nc3 d6 5. Nf3 g6 6. e4 Bg7 7. h3 O-O 8. Bd3 exd5 9. cxd5 Na6 10. O-O Nc7 11. Re1 Nd7 12. Bf4 Qe7 13. a4 Ne5 14. Nxe5 Bxe5 15. Bxe5 Qxe5 16. Qd2 b6 17. Rad1 Bd7 18. f4 Qd4+ 19. Kh2 Bxa4 20. Nxa4 Qxa4 21. e5 dxe5 22. fxe5 Nxd5 23. Be4 Nc7 24. Bxa8 Rxa8 25. Qd7 Qxd7 26. Rxd7 Ne6 27. Rf1 Rf8 28. Rxa7 b5 29. Rb7 b4 30. h4 h5 31. Rf6 Nd4 32. Rd6 Ne6 33. Rdd7 Nd4 34. Kg3 Ne6 35. Kf3 Kg7 36. Rd6 Nd4+ 37. Ke4 Kg8 38. Rd5 Ne6 39. Rdd7 c4 40. Rd5 c3 41. Rxb4 cxb2 42. Rxb2 Ra8 43. Kf3 Ra4 44. Kg3 Rg4+ 45. Kf3 Rxh4 46. Re2 Rf4+ 47. Kg3 Rg4+ 48. Kf3 Kg7 49. Ra5 Nd4+ 50. Ke3 Nxe2 51. Kxe2 Rxg2+ 52. Kf3 Rg5 53. Kf4 Rf5+ 54. Ke4 h4 55. Ra7 h3 56. Ra1 h2 57. Rh1 Rh5 58. Kf4 Kf8 59. Kg4 Ke7 60. Kg3 Ke6 61. Kf4 Rh8 62. Ke4 Rh4+ 63. Kf3 Kxe5 64. Kg3 g5 65. Kg2 Kf5 66. Rf1+ Rf4 67. Kh1 Rxf1+ 68. Kxh2 Rf4 69. Kg3 Ke4 70. Kg2 f5 71. Kg3 Ke3 72. Kg2 Ke2 73. Kg3 Rg4+ 74. Kh3 Kf2 75. Kh2 Rh4# 0-1

[Event "Speed Chess Championship 2020"]
[Site "Online"]
[Date "2020.12.04"]
[Round "2.22"]
[White "Fedoseev, Vladimir"]
[Black "Nakamura, Hikaru"]
[Result "0-1"]
[ECO "A41"]
[WhiteElo "2676"]
[BlackElo "2736"]
[Annotator "ChessBase"]
[PlyCount "74"]
[EventDate "2020.10.31"]
[EventType "k.o."]
[EventCountry "NET"]
[SourceTitle "playchess.com"]
[Source "ChessBase"]
[SourceQuality "1"]
[TimeControl "60+1"]

1. Nf3 g6 2. g3 Bg7 3. d4 d6 4. Bg2 Nc6 5. O-O Bd7 6. c4 Qc8 7. Nc3 Bh3 8. e3 h5 9. Bxh3 Qxh3 10. Ng5 Qd7 11. Qf3 e5 12. d5 Nd8 13. h4 f6 14. Nge4 Nf7 15. c5 f5 16. c6 bxc6 17. dxc6 Qe6 18. Ng5 Nxg5 19. hxg5 e4 20. Qd1 Ne7 21. Ne2 Be5 22. Qa4 h4 23. Bd2 hxg3 24. fxg3 f4 25. Nxf4 Bxf4 26. Rxf4 Qh3 27. Qxe4 Qh2+ 28. Kf1 Qh1+ 29. Ke2 Qxa1 30. Qe6 Rh2+ 31. Kd3 Rxd2+ 32. Kxd2 Qxb2+ 33. Kd3 Qb5+ 34. Kd2 Qd5+ 35. Qxd5 Nxd5 36. Rh4 Kf7 37. Rh7+ Ke6 0-1

[Event "Speed Chess Championship 2020"]
[Site "Online"]
[Date "2020.11.19"]
[Round "2.23"]
[White "So, Wesley"]
[Black "Duda, Jan-Krzysztof"]
[Result "0-1"]
[ECO "D77"]
[WhiteElo "2816"]
[BlackElo "2743"]
[Annotator "ChessBase"]
[PlyCount "102"]
[EventDate "2020.10.31"]
[EventType "k.o."]
[EventCountry "NET"]
[SourceTitle "playchess.com"]
[Source "ChessBase"]
[SourceQuality "1"]
[TimeControl "60+1"]

1. d4 Nf6 2. c4 g6 3. g3 e6 4. Bg2 d5 5. Nf3 Bg7 6. O-O O-O 7. b3 b6 8. Bb2 Bb7 9. Nc3 Nbd7 10. Rc1 Rc8 11. cxd5 Nxd5 12. Nxd5 Bxd5 13. Qd2 c5 14. dxc5 Nxc5 15. Bxg7 Kxg7 16. Qb2+ Qf6 17. Qxf6+ Kxf6 18. Nd2 Rfd8 19. Bxd5 exd5 20. Rfd1 Ne4 21. Nxe4+ dxe4 22. Rxc8 Rxd1+ 23. Kg2 Rd2 24. e3 Rxa2 25. Rc4 Ke5 26. Rc7 Ke6 27. Rc4 f5 28. Rc7 h5 29. Rc6+ Kf7 30. h4 b5 31. b4 Ra4 32. Kf1 Rxb4 33. Rc7+ Ke6 34. Rxa7 Ra4 35. Rb7 b4 36. Rb6+ Kd5 37. Rxg6 b3 38. Rb6 Kc4 39. Rc6+ Kd3 40. Rb6 Kc3 41. f3 b2 42. fxe4 Rxe4 43. Rxb2 Kxb2 44. Ke2 Kc3 45. Kf2 Kd3 46. Kf3 Kd2 47. Kf2 Rxe3 48. Kg2 Ke2 49. Kh2 Kf2 50. Kh3 Rxg3+ 51. Kh2 f4 0-1

[Event "Speed Chess Championship 2020"]
[Site "Online"]
[Date "2020.11.19"]
[Round "2.24"]
[White "Duda, Jan-Krzysztof"]
[Black "So, Wesley"]
[Result "0-1"]
[ECO "C25"]
[WhiteElo "2743"]
[BlackElo "2816"]
[Annotator "RC"]
[PlyCount "48"]
[EventDate "2020.10.31"]
[EventType "k.o."]
[EventCountry "NET"]
[SourceTitle "playchess.com"]
[Source "ChessBase"]
[SourceQuality "1"]
[TimeControl "60+1"]

1. e4 e5 2. Nc3 Nc6 3. f4 exf4 4. d4 Bb4 5. Bxf4 Nf6 6. Qd3 d5 7. O-O-O Bxc3 8. Qxc3 Nxe4 9. Qe3 O-O 10. Nf3 Re8 11. Bd3 Bf5 12. Ne5 Nxe5 13. dxe5 Qe7 14. Rdg1 Bg6 15. h4 Nc5 16. Bxg6 fxg6 17. h5 g5 18. Bg3 h6 19. Rf1 Rf8 20. e6 Ne4 21. Be5 c6 22. Qd4 Qxe6 23. Bxg7 Rxf1+ 24. Rxf1 Ng3 0-1